 Dungeon Crawl Stone Soup version 0.21-a0-349-g0c35859 (webtiles) character file.

169 Hasart the Firebug (level 5, -1/28 HPs)
             Began as a Deep Elf Fire Elementalist on Oct 7, 2017.
             Incinerated by Hasart's ghost (6 damage)
             ... with a sticky flame
             ... on level 3 of the Dungeon.
             The game lasted 00:05:55 (3171 turns).

Hasart the Firebug (Deep Elf Fire Elementalist)     Turns: 3171, Time: 00:05:56

Health: -1/28      AC:  5    Str:  5    XL:     5   Next: 25%
Magic:  10/13      EV: 12    Int: 21    God:
Gold:   76         SH:  0    Dex: 15    Spells: 7/12 levels left

rFire    . . .     SeeInvis .   r - +3 falchion (protect)
rCold    . . .     Gourm    .   (no shield)
rNeg     . . .     Faith    .   q - +2 leather armour {rPois}
rPois    +         Spirit   .   (no helmet)
rElec    .         Reflect  .   (no cloak)
rCorr    .         Harm     .   (no gloves)
MR       .....                  (no boots)
Stlth    +.........             (no amulet)
HPRegen  0.09/turn              (no ring)
MPRegen  0.13/turn              (no ring)

@: liquid flames, glowing
A: no striking features
a: no special abilities


You were on level 3 of the Dungeon.
You were not hungry.

You visited 1 branch of the dungeon, and saw 3 of its levels.

You collected 76 gold pieces.

Inventory:

Hand Weapons
 r - a +3 falchion of protection (weapon)
Armour
 q - a +2 leather armour of poison resistance (worn)
Scrolls
 d - 3 scrolls of remove curse {unknown}
 f - 2 scrolls of fog {unknown}
 g - a scroll of immolation {unknown}
 j - a scroll of teleportation {unknown}
 k - a scroll of amnesia {unknown}
 m - 2 scrolls of identify {unknown}
Potions
 e - a potion of flight {unknown}
 l - a potion of heal wounds {unknown}
 p - a potion of might {unknown}
Books
 b - a book of Flames

   Spells                             Type                      Level
   a - Flame Tongue                   Conjuration/Fire             1
   b - Throw Flame                    Conjuration/Fire             2
   c - Conjure Flame                  Conjuration/Fire             3
   d - Inner Flame                    Hexes/Fire                   3
   e - Sticky Flame                   Conjuration/Fire             4
   f - Fireball                       Conjuration/Fire             5
Comestibles
 c - 4 bread rations
 h - 3 meat rations
 o - a royal jelly


   Skills:
 - Level 2.4 Dodging
 - Level 2.4 Stealth
 + Level 4.2 Spellcasting
 * Level 3.5 Conjurations
 * Level 4.8 Fire Magic


You had 7 spell levels left.
You knew the following spells:

 Your Spells              Type           Power        Failure   Level  Hunger
a - Flame Tongue          Conj/Fire      ###..        3%          1    None
b - Sticky Flame          Conj/Fire      ###.....     32%         4    ####...


Dungeon Overview and Level Annotations

Branches:
Dungeon (3/15)

Altars:
Ru
Yredelemnul

Annotations:
D:3 Hasart's ghost, amateur DEFE


Message History

Press: ? - help, Shift-Dir - straight line, f/p - Hasart's ghost
Aim: Hasart's ghost (moderately damaged)
The flame tongue hits Hasart's ghost.
Hasart's ghost is moderately damaged.
Casting: Flame Tongue
Confirm with . or Enter, or press ? or * to list all spells.
Aiming: Flame Tongue
Press: ? - help, Shift-Dir - straight line, f/p - Hasart's ghost
Aim: Hasart's ghost (moderately damaged)
The flame tongue hits Hasart's ghost.
Hasart's ghost is heavily damaged.
Hasart's ghost sprays you with burning goo.
The sticky flame hits you!
You are covered in liquid flames!
You are covered in liquid flames!
You are covered in liquid flames!
You are covered in liquid flames!
* * * LOW HITPOINT WARNING * * *
You are covered in liquid flames!
You die...

#.##..########......####.###.#
#.##.รท#######...###..........#
##.##...........).........###.#
#...#..##.####...########## #.#
##.#.......# ##.## #.##
#.......#### #.# #... #.###.###
#.# #.## #.# #.# ## #.# #.##
#.# #.# #.# #@# #... #.# #.#
#.# #.# #### #.# #.# ###.##W#
#.# #.# #......# #.# #.#.####
############## #.# ..#
#............. #.# .[).
#<###########. #.# ###. #.#
#######. #.# #. #.# ##.......


You could see Hasart's ghost.

Vanquished Creatures
  An orc wizard (D:2)
  Terence (D:3)
  A hound skeleton (D:3)
  2 adders (D:2)
  A worm (D:3)
  3 dart slugs
  A leopard gecko (D:3)
  An orc (D:2)
  A ball python (D:1)
  3 bats
  5 giant cockroaches
  8 goblins
  7 hobgoblins
  9 jackals
  7 kobolds
  A quokka (D:3)
  5 frilled lizards
  A quokka zombie (D:2)
  12 rats
70 creatures vanquished.

Notes
Turn   | Place    | Note
-------+----------+-------------------------------------------
     0 | D:1      | Hasart the Deep Elf Fire Elementalist began the quest for the Orb.
     0 | D:1      | Reached XP level 1. HP: 10/10 MP: 6/6
   361 | D:1      | Reached XP level 2. HP: 15/15 MP: 2/8
  1152 | D:2      | Reached XP level 3. HP: 19/19 MP: 5/9
  1486 | D:2      | Found a basalt altar of Yredelemnul.
  1526 | D:2      | Found a sacrificial altar of Ru.
  1536 | D:2      | Reached XP level 4. HP: 24/24 MP: 4/11
  1544 | D:2      | Learned a level 4 spell: Sticky Flame
  2586 | D:3      | Noticed Terence
  2595 | D:3      | Killed Terence
  2595 | D:3      | Reached XP level 5. HP: 28/28 MP: 4/13
  2641 | D:3      | Noticed Hasart's ghost (amateur DEFE)
  3171 | D:3      | Incinerated by Hasart's ghost

Vault maps used:
D:1:      saegor_arrival_simple_d, minivault_25
D:2:      nicolae_overflow_hidden_temple, hangedman_abyss_or_decor_stabs,
          nicolae_ru_great_annihilating_truth
D:3:      kennysheep_potato, uniq_terence

Skill      XL: |  1  2  3  4 |
---------------+-------------+-----
Conjurations   | 2 3 |  3.5
Fire Magic     | 4 |  4.8
Spellcasting   | 4 |  4.2
Dodging        | |  2.4
Stealth        | |  2.4

Action                   |  1- 3 |  4- 6 || total
-------------------------+-------+-------++-------
Melee: Mace              |     2 |     2 ||     4
       Unarmed           |     1 |       ||     1
       Falchion          |       |     2 ||     2
 Cast: Flame Tongue      |    63 |    69 ||   132
       Sticky Flame      |       |     2 ||     2
 Stab: Sleeping          |     1 |     1 ||     2
  Eat: Chunk             |     2 |     5 ||     7
Armor: Robe              |     3 |     2 ||     5
       Leather armour    |       |     1 ||     1
Dodge: Dodged            |    19 |    18 ||    37

Table legend:
 A = Spawn XP
 B = Non-spawn XP
 C = Spawn XP percentage of total XP
 D = Spawn monster count
 E = Non-spawn monster count
 F = Spawn count percentage of total count
 G = Total turns spent on level
                    A         B        C        D         E        F      G
               +---------+---------+-------+---------+---------+-------+---------
         Total |       0 |     242 |   0.0 |       0 |      70 |   0.0 |  3171
               +---------+---------+-------+---------+---------+-------+---------
           D:1 |       0 |      31 |   0.0 |       0 |      18 |   0.0 |  1106
           D:2 |       0 |     114 |   0.0 |       0 |      27 |   0.0 |  1067
           D:3 |       0 |      97 |   0.0 |       0 |      25 |   0.0 |   998
               +---------+---------+-------+---------+---------+-------+---------
